 Dungeon Crawl Stone Soup version 0.30.1-9-gdf580d7c3d (webtiles) character file.

Game seed: 1686452182592703158

9 lonewolfV2 the Trooper (level 2, -4/24 HPs)
             Began as a Demonspawn Fighter on Oct 26, 2023.
             Slain by a goblin
             ... wielding a +0 club
             ... led by Robin
              (5 damage)
             ... on level 2 of the Dungeon.
             The game lasted 00:00:51 (323 turns).

lonewolfV2 the Trooper (Demonspawn Fighter)          Turns: 323, Time: 00:00:51

Health: -4/24      AC:  9    Str: 16    XL:     2   Next: 6%
Magic:  2/2        EV:  7    Int: 11    God:
Gold:   17         SH:  4    Dex: 12    Spells: 1/1 levels left

rFire   . . .        a - +0 war axe
rCold   . . .        c - +0 buckler
rNeg    . . .        f - +0 chain mail
rPois   .            (no helmet)
rElec   .            (no cloak)
rCorr   .            (no gloves)
SInv    .            (no boots)
Will    .....        (no amulet) Stlth
                     (no ring)
HPRegen 0.24/turn    (no ring)
MPRegen 0.08/turn

%: no passive effects
@: no status effects
A: big brain 1
a: no special abilities


You were on level 2 of the Dungeon.
You visited 1 branch of the dungeon, and saw 2 of its levels.

You collected 17 gold pieces.

Inventory:

Hand Weapons
 a - a +0 war axe (weapon)
Armour
 b - a +0 scale mail
 c - a +0 buckler (worn)
 f - a +0 chain mail (worn)
Scrolls
 g - a scroll of identify {unknown}
Potions
 d - a potion of might
 e - 2 potions of lignification {unknown}
 h - a potion of flight {unknown}


   Skills:
 - Level 3.0 Fighting
 - Level 1.7 Axes
 + Level 2.8 Armour
 * Level 1.0 Dodging
 - Level 2.6 Shields
 + Level 1.0 Invocations


You had one spell level left.
You didn't know any spells.
Your spell library was empty.

Dungeon Overview and Level Annotations

Branches:
Dungeon (2/15)

Altars:

Annotations:
D:2 Robin


Innate Abilities, Weirdness & Mutations

You have an unusually large brain. (Int +2)


Message History

You hear a shout!
You hear a shout!
The goblin shoots a sling bullet.
You block the sling bullet. Robin throws the goblin at you!
The goblin hits you with a +0 club.
The goblin unwields a +0 sling.
The goblin wields a +0 club.
You block the goblin's attack.
A goblin comes into view. It is wielding a +0 dagger.
The goblin hits you with a +0 club. The goblin hits you but does no damage.
The goblin hits you but does no damage. You block the goblin's attack.
The goblin hits you with a +0 club. The goblin hits you but does no damage.
The goblin hits you but does no damage. You block the goblin's attack.
The goblin hits you but does no damage. x2
The goblin barely misses you. The goblin hits you but does no damage.
The goblin barely misses you. You block the goblin's attack.
The goblin barely misses you. The goblin hits you but does no damage.
You block the goblin's attack. The goblin hits you with a +0 club.
The goblin hits you with a +0 club. The goblin hits you but does no damage.
The goblin hits you with a +0 club. The goblin hits you but does no damage.
The goblin no longer looks unusually strong. x2
The goblin hits you with a +0 club.
* * * LOW HITPOINT WARNING * * *
The goblin barely misses you.
The goblin no longer looks unusually strong.
The goblin hits you but does no damage.
Robin roars a battlecry!
The goblins go into a battle-frenzy!
You block the goblin's attack. The goblin hits you but does no damage.
The goblin hits you with a +0 club.
* * * LOW HITPOINT WARNING * * *
The goblin hits you but does no damage. You block the goblin's attack.
The goblin no longer looks unusually strong.
The goblin closely misses you. The goblin hits you with a +0 club.
* * * LOW HITPOINT WARNING * * *
The goblin hits you with a +0 club.
* * * LOW HITPOINT WARNING * * *
Robin roars a battlecry!
The goblin goes into a battle-frenzy!
The goblin hits you but does no damage. You block the goblin's attack.
The goblin hits you with a +0 club.
You die... ### gg#

#g# #g# #@#
#g#
##########.#
#<.........#
############


You could see Robin and 4 goblins.

Vanquished Creatures
  A dart slug (D:1)
  A bat (D:1)
  2 giant cockroaches (D:1)
  A frilled lizard (D:1)
  A kobold (D:1)
  2 rats (D:1)
8 creatures vanquished.

Notes
Turn   | Place    | Note
-------+----------+-------------------------------------------
     0 | D:1      | lonewolfV2 the Demonspawn Fighter began the quest for the
                  | Orb.
     0 | D:1      | Reached XP level 1. HP: 18/18 MP: 1/1
   242 | D:1      | Reached skill level 1 in Dodging
   242 | D:1      | Gained mutation: You have an unusually large brain. (Int
                  | +2) [demonic ancestry]
   242 | D:1      | Reached XP level 2. HP: 24/24 MP: 2/2
   289 | D:1      | Reached skill level 1 in Invocations
   302 | D:2      | Noticed Robin
   322 | D:2      | HP: 1/24 [goblin/+0 club[Robin] (3)]
   323 | D:2      | Slain by a goblin

Illustrated notes

Levels and vault maps discovered:
D:1:      evilmike_arrival_rings, layout_loops_ring
D:2:      layout_basic, uniq_terence, uniq_robin

Skill      XL: |  1  2 |
---------------+-------+-----
Dodging        | 1 |  1.0
Invocations    | 1 |  1.0
Fighting       | |  3.0
Axes           | |  1.7
Armour         | |  2.8
Shields        | |  2.6

Action                     || total
---------------------------++-------
  Melee: War axe           ||    16
 Armour: Chain mail        ||    32
         Scale mail        ||     3
  Dodge: Dodged            ||    14
  Block: Buckler           ||    14
